 Dungeon Sprint DCSS version 0.20-a0-1062-g7b787ac (webtiles) character file.

1820 Dipster the Brawler (level 8, -1/74 HPs)
             Began as a Troll Berserker on Apr 27, 2017.
             Was a Priest of Trog.
             Slain by a centaur warrior (2 damage)
             ... in the Dungeon (Sprint II: "The Violet Keep of Menkaure").
             The game lasted 00:01:49 (238 turns).

Dipster the Brawler (Troll Berserker)                Turns: 238, Time: 00:01:49

Health: -1/74      AC:  5    Str: 28      XL:     8   Next: 85%
Magic:  7/7        EV: 10    Int:  1 (3)  God:    Trog [***...]
Gold:   243        SH:  0    Dex:  9      Spells: 7/7 levels left

rFire    . . .     SeeInvis .     - Unarmed
rCold    . . .     Gourm    +   (no shield)
rNeg     . . .     Faith    .   a - +0 animal skin
rPois    .         Spirit   .   (helmet restricted)
rElec    .         Reflect  .   (no cloak)
rCorr    .         Harm     .   (gloves unavailable)
MR       ++...     NoTele   +   (boots unavailable)
Stlth    +.........             (no amulet)
Regen    1.7/turn               (no ring)
MPRegen  0.1/turn               (no ring)

@: very slightly contaminated, regenerating, hasted and slowed
A: unfitting armour, claws 3, horns 1, fast metabolism 3, gourmand, regeneration
1, shaggy fur 1, tough skin 2
a: Berserk, Trog's Hand, Burn Spellbooks, Renounce Religion


You were in the Dungeon.
You worshipped Trog.
Trog was most pleased with you.
You were full.

You visited 1 branch You collected 243 gold pieces.

Inventory:

Armour
 a - a +0 animal skin (worn)
Scrolls
 j - a scroll of enchant weapon {unknown}
Potions
 f - 2 potions of magic
 g - a potion of berserk rage
Comestibles
 b - 2 bread rations


   Skills:
 - Level 2.4 Fighting
 - Level 2.4 Dodging
 + Level 18.4 Unarmed Combat


You had 7 spell levels left.
You didn't know any spells.

Dungeon Overview and Level Annotations

Branches:
Dungeon (1/1)

Altars:

Shops:
D :[[?!(=}}*!

Annotations:
D exclusion: orange crystal statue


Innate Abilities, Weirdness & Mutations

You are too large for most types of armour.
You have claws for hands.
Your metabolism is lightning-fast.
You like to eat raw meat.
Your natural rate of healing is unusually fast.
You are covered in fur. (AC +1)
You have very tough skin. (AC +2)
You have a pair of small horns on your head.


Message History

The skeletal warrior is heavily damaged.
The neqoxec closely misses you.
The skeletal warrior hits you with a war axe!
* * * LOW HITPOINT WARNING * * *
You completely miss the neqoxec.
The neqoxec is severely wounded.
The quasit barely misses you.
The quasit claws you but does no damage.
The quasit barely misses you. The centaur warrior misses you.
The neqoxec gestures at you.
Strange energies course through your body.
A pair of horns grows on your head!
You feel better. The neqoxec gestures at you.
Something tries to feed on your intellect!
The quasit barely misses you. The quasit closely misses you. x2
The skeletal warrior hits you with a war axe!
* * * LOW HITPOINT WARNING * * *
The centaur warrior hits you.
You die...

###≈c#+++#'§+##
##≈≈≈....§4...#
.#≈≈≈≈.##+##c.#
.#≈≈≈≈## ##.####
.#≈≈≈≈# #....#
.#≈≈### ###c.##
∩#≈##.###+# #.##..#
.#≈##..##.###.5#zc#
∩+≈'.##'.<.+ #33@.#
.#≈##..##.##
#3#5§..#
##≈##.###+#
#.##§.....≈≈
##≈≈### ##
≈≈.....≈# ##≈≈≈#
§≈≈≈≈≈..≈# #'#≈#
≈≈≈§≈§≈.§# #.#≈≈#
≈≈≈≈≈§≈≈≈≈# ####≈≈≈
≈§≈≈≈§≈≈≈≈# +++#+


You could see a yaktaur captain, a skeletal warrior, a centaur warrior, 3
neqoxecs, an iron imp and a quasit.

Vanquished Creatures
  Kirke (D)
  A neqoxec (D)
  A crocodile (D)
  4 worker ants (D)
7 creatures vanquished.

Vanquished Creatures (others)
  A blink frog (D)
  Menkaure (D)
  A crocodile (D)
3 creatures vanquished.

Grand Total: 10 creatures vanquished

Notes
Turn   | Place    | Note
-------+----------+-------------------------------------------
     0 | D        | Dipster the Troll Berserker began the quest for the Orb.
     0 | D        | Reached XP level 1. HP: 22/22 MP: 0/0
     1 | D        | Noticed a worker ant
     1 | D        | Noticed a worker ant
     1 | D        | Noticed a worker ant
     1 | D        | Noticed a worker ant
     5 | D        | Killed a worker ant
     5 | D        | Reached skill level 6 in Unarmed Combat
     5 | D        | Reached XP level 2. HP: 29/29 MP: 1/1
     7 | D        | Reached skill level 7 in Unarmed Combat
     7 | D        | Reached XP level 3. HP: 33/36 MP: 2/2
    11 | D        | Reached ** piety under Trog
    11 | D        | Reached skill level 8 in Unarmed Combat
    11 | D        | Reached XP level 4. HP: 38/44 MP: 3/3
    13 | D        | Reached skill level 9 in Unarmed Combat
    49 | D        | Killed Menkaure
    61 | D        | Found Eddas's Gadget Shoppe.
    61 | D        | Found Kyek Itt's General Store.
    61 | D        | Found Efaod's Jewellery Emporium.
    61 | D        | Found Teith's Gadget Emporium.
    61 | D        | Found Aziukhopy's Distillery.
    61 | D        | Found Xifekk's Weapon Shoppe.
    62 | D        | Found Yfus's Magic Scroll Shoppe.
    62 | D        | Found Wyleamex's Antique Armour Emporium.
    63 | D        | Found Xaeheat's Distillery.
    63 | D        | Found Zifituof's Antique Armour Shoppe.
    63 | D        | Found Asapnira's Book Emporium.
    63 | D        | Noticed a black bear
    67 | D        | Noticed a blink frog
   120 | D        | Noticed a crocodile
   128 | D        | Killed a crocodile
   128 | D        | Reached skill level 11 in Unarmed Combat
   128 | D        | Reached XP level 5. HP: 14/50 MP: 4/4
   143 | D        | Killed a blink frog
   143 | D        | Reached skill level 12 in Unarmed Combat
   194 | D        | Killed a crocodile
   196 | D        | Noticed a centaur warrior
   196 | D        | Noticed Kirke
   196 | D        | Noticed a skeletal warrior
   197 | D        | Noticed an elephant
   197 | D        | Noticed a kobold demonologist
   197 | D        | Noticed a yaktaur captain
   208 | D        | Killed Kirke
   208 | D        | Reached *** piety under Trog
   208 | D        | Reached skill level 18 in Unarmed Combat
   208 | D        | Reached XP level 6. HP: 30/59 MP: 5/5
   208 | D        | Reached XP level 7. HP: 34/66 MP: 6/6
   208 | D        | Reached XP level 8. HP: 39/74 MP: 7/7
   217 | D        | Noticed a red devil
   219 | D        | Noticed an orange crystal statue
   237 | D        | Gained mutation: You have a pair of small horns on your head. [a neqoxec]
   238 | D        | HP: 1/74 [skeletal warrior/war axe (14)]
   238 | D        | Slain by a centaur warrior

Vault maps used:
D:        the_violet_keep_of_menkaure

Skill      XL: |  1  2  3  4  5 |
---------------+----------------+-----
Unarmed Combat | 6 7 8 11 18 | 18.4
Fighting       | |  2.4
Dodging        | |  2.4

Action                   |  1- 3 |  4- 6 |  7- 9 || total
-------------------------+-------+-------+-------++-------
Melee: Unarmed           |     7 |    16 |    12 ||    35
       Punch             |       |     2 |     2 ||     4
Invok: Berserk           |     1 |     3 |       ||     4
       Trog's Hand       |       |     1 |     1 ||     2
  Use: Potion            |       |       |     3 ||     3
       Scroll            |       |       |     1 ||     1
  Eat: Chunk             |       |     9 |       ||     9
Armor: Animal skin       |       |       |     4 ||     4
Dodge: Dodged            |     3 |     5 |     9 ||    17
